 Dungeon Crawl Stone Soup version 0.31-a0-246-g8cbcc1cb85 (webtiles) character file.

Game seed: 9952347095340618594

53 qw the Shooter (level 3, -1/21 HPs)
             Began as a Gargoyle Hexslinger on July 12, 2023.
             Slain by a gnoll
             ... wielding a +0 spear
              (8 damage)
             ... on level 2 of the Dungeon.
             The game lasted 00:00:23 (958 turns).

qw the Shooter (Gargoyle Hexslinger)                 Turns: 958, Time: 00:00:24

Health: -1/21      AC: 10    Str: 11    XL:     3   Next: 89%
Magic:  4/4        EV: 10    Int: 13    God:
Gold:   34         SH:  0    Dex: 14    Spells: 3/4 levels left

rFire   . . .        Y - +1 sling
rCold   . . .        (no shield)
rNeg    + . .        h - +0 ring mail
rPois   inf          g - +1 helmet
rElec   +            (no cloak)
rCorr   .            (no gloves)
SInv    .            (no boots)
Will    .....        (no amulet)
Stlth   +            (no ring)
HPRegen 0.23/turn    (no ring)
MPRegen 0.09/turn

%: no passive effects
@: no status effects
A: sickness immunity, AC +3, negative energy resistance 1, electricity
resistance, torment resistance 1, petrification resistance
a: no special abilities


You were on level 2 of the Dungeon.
You visited 1 branch of the dungeon, and saw 2 of its levels.

You collected 34 gold pieces.


Innate Abilities, Weirdness & Mutations

You are immune to sickness and miasma.
Your stone body is resilient. (AC +3)
You are immune to poison.
You resist negative energy. (rN+)
You are resistant to electric shocks. (rElec)
You are resistant to unholy torment.
You are immune to petrification.


   Skills:
 - Level 2.0 Fighting
 + Level 3.3 Ranged Weapons
 - Level 1.5 Armour
 - Level 1.5 Dodging
 - Level 1.0 Spellcasting
 - Level 2.6 Hexes


You had 3 spell levels left.
You knew the following spells:

 Your Spells              Type           Power      Damage    Failure   Level
a - Slow                  Hex            28%        N/A       22%         1

Your spell library contained the following spells:

 Spells                   Type           Power      Damage    Failure   Level
 Inner Flame              Hex/Fire       4%         N/A       75%         3
 Portal Projectile        Hex/Tloc       8%         N/A       75%         3
 Cause Fear               Hex            3%         N/A       91%         4

Inventory:

Hand Weapons
 Y - a +1 sling (weapon)
Armour
 g - a +1 helmet (worn)
 h - a +0 ring mail (worn)
Scrolls
 a - a scroll of identify
 b - a scroll of fear {unknown}
 e - a scroll of teleportation
Potions
 f - 2 potions of curing

Dungeon Overview and Level Annotations

Branches:
Dungeon (2/15)

Altars:


Message History

You shoot a sling bullet. The gnoll shouts!
The sling bullet hits the gnoll but does no damage.
You shoot a sling bullet. The sling bullet hits the gnoll.
The gnoll is severely wounded.
A gnoll comes into view. It is wielding a +0 spear.
You shoot a sling bullet. The sling bullet hits the gnoll.
The gnoll is moderately wounded.
You shoot a sling bullet.
The sling bullet closely misses the gnoll.
The sling bullet hits the gnoll but does no damage.
The gnoll is severely wounded.
The gnoll hits you with a +0 club.
You shoot a sling bullet. The sling bullet hits the gnoll.
The gnoll is heavily wounded.
The gnoll barely misses you. The gnoll hits you but does no damage.
The gnoll barely misses you. The gnoll hits you but does no damage.
You shoot a sling bullet. The sling bullet hits the gnoll.
The gnoll is almost dead.
The gnoll hits you but does no damage. x2; The gnoll hits you with a +0 club.
You shoot a sling bullet.
The sling bullet barely misses the gnoll.
The sling bullet hits the gnoll.
You kill the gnoll!
The gnoll hits you with a +0 whip. The gnoll misses you.
The gnoll hits you but does no damage. The gnoll closely misses you.
The gnoll hits you from afar with a +0 spear.
Your Armour skill increases to level 1!
You shoot a sling bullet. The sling bullet hits the gnoll.
You kill the gnoll!
The gnoll hits you from afar with a +0 spear.
The gnoll barely misses you.
You shoot a sling bullet. The sling bullet hits the gnoll.
The gnoll is moderately wounded.
The gnoll hits you but does no damage. The gnoll hits you with a +0 whip.
You shoot a sling bullet.
The sling bullet hits the gnoll but does no damage.
The gnoll is moderately wounded.
The gnoll hits you from afar with a +0 spear!
You die...

#.## ..# ..## ...
#.. # #g#####.# .
#)g.....# # #@### #
##...## #########
..#######.....##
........)
#..............###.
##....
..######.....>.....
#####'# #.#...#.###
#...%#) #.##%##.#
#..#### #.##.##.#
#....#. #.##.##.#
#....#.


You could see 2 gnolls.

Vanquished Creatures
  2 gnolls (D:2)
  A ball python (D:1)
  4 endoplasms (D:1)
  A giant cockroach (D:2)
  A goblin (D:1)
  7 hobgoblins
  3 jackals (D:1)
  3 bats
  4 frilled lizards (D:1)
  3 kobolds
  4 rats
33 creatures vanquished.

Notes
Turn   | Place    | Note
-------+----------+-------------------------------------------
     0 | D:1      | qw the Gargoyle Hexslinger began the quest for the Orb.
     0 | D:1      | Reached XP level 1. HP: 12/12 MP: 2/2
     0 | D:1      | 0 ||| qw: Version: 0.3-a-52-g30416fa
     0 | D:1      | 0 ||| qw: Game counter: 6380
     0 | D:1      | 0 ||| qw: Melee chars always use a shield: true
     0 | D:1      | 0 ||| qw: God list: Okawaru
     0 | D:1      | 0 ||| qw: Allow faded altars: false
     0 | D:1      | 0 ||| qw: Do Orc after clearing Dungeon:15 true
     0 | D:1      | 0 ||| qw: Do second Lair branch before Depths: true
     0 | D:1      | 0 ||| qw: Lair rune preference: random
     0 | D:1      | 0 ||| qw: Goals: Normal
     0 | D:1      | 0 ||| PLANNING D:1-11
   279 | D:1      | Reached XP level 2. HP: 16/16 MP: 3/3
   409 | D:1      | Reached skill level 3 in Ranged Weapons
   563 | D:1      | Reached XP level 3. HP: 21/21 MP: 4/4
   739 | D:1      | 739 ||| UPGRADING to +1 helmet.
   744 | D:1      | 744 ||| UPGRADING to +0 ring mail.
   754 | D:1      | 754 ||| DROPPING +0 robe.
   755 | D:1      | 755 ||| READING 2 scrolls labelled BUXTOA SUMP.
   756 | D:1      | 756 ||| READING 2 scrolls labelled RYUT TUOFFOCW.
   760 | D:1      | 760 ||| READING scroll labelled WYAPPY YSOH.
   761 | D:1      | 761 ||| DRINKING 2 fuming purple potions.
   762 | D:1      | 762 ||| DROPPING scroll of poison.
   875 | D:2      | Found a faded altar of an unknown god.
   956 | D:2      | Reached skill level 1 in Armour
   958 | D:2      | Slain by a gnoll

Levels and vault maps discovered:
D:1:      nzn_arrival_water_spiral, layout_basic
D:2:      layout_loops_ring, shapermc_ecumenical_altar_notcrosses

Skill      XL: |  1  2  3 |
---------------+----------+-----
Ranged Weapons | 3 |  3.3
Fighting       | 2 |  2.0
Armour         | 1 |  1.5
Dodging        | |  1.5
Spellcasting   | |  1.0
Hexes          | |  2.6

Action                     || total
---------------------------++-------
   Fire: Sling             ||    96
    Use: Scroll            ||     3
         Potion            ||     1
 Armour: Robe              ||    10
         Ring mail         ||    18
  Dodge: Dodged            ||    29

Table legend:
 A = Non-vault XP
 B = Vault XP
 C = Vault XP percentage of total XP
 D = Non-vault monster count
 E = Vault monster count
 F = Vault count percentage of total count
                 A         B        C        D         E       F
            +---------+---------+-------+---------+---------+-------
      Total |      77 |       0 |   0.0 |      33 |       0 |   0.0
            +---------+---------+-------+---------+---------+-------
        D:1 |      37 |       0 |   0.0 |      23 |       0 |   0.0
        D:2 |      40 |       0 |   0.0 |      10 |       0 |   0.0
            +---------+---------+-------+---------+---------+-------
